 Dungeon Crawl Stone Soup version 0.13-a0-2606-g170388b (webtiles) character file.

237 Kae the Cudgeler (level 5, 0/46 HPs)
             Began as a Minotaur Berserker on Aug 4, 2013.
             Was a Priest of Trog.
             Slain by an orc
             ... wielding a +0,+0 orcish whip
              (4 damage)
             ... on Level 3 of the Dungeon.
             The game lasted 00:01:26 (1988 turns).

Kae the Cudgeler (Minotaur Berserker)               Turns: 1988, Time: 00:01:26

HP   0/46        AC  2     Str 21      XL: 5   Next:  4%
MP   1/1         EV 12     Int  5      God: Trog [***...]
Gold 95          SH  0     Dex 10      Spells:  0 memorised,  4 levels left

Res.Fire  : . . .   See Invis. : .   a - +0 mace
Res.Cold  : . . .   Warding    : .   b - +0 animal skin
Life Prot.: . . .   Conserve   : .   (no shield)
Res.Poison: .       Res.Corr.  : .   (helmet restricted)
Res.Elec. : .       Clarity    : .   (no cloak)
Sust.Abil.: . .     Spirit.Shd : .   (no gloves)
Res.Mut.  : .       Stasis     : .   (no boots)
Res.Rott. : .       Flight     : .   (no amulet)
Saprovore : . . .                    (no ring)
                                     (no ring)

@: slightly resistant to hostile enchantments, unstealthy
A: retaliatory headbutt, horns 2
a: Burn Spellbooks, Berserk, Trog's Hand, Renounce Religion


You were on level 3 of the Dungeon.
You worshipped Trog.
Trog was greatly pleased with you.
You were not hungry.

You visited 1 branch of the dungeon, and saw 3 of its levels.

You collected 75 gold pieces.

Inventory:

Hand weapons
 a - a +0,+0 mace (weapon)
Armour
 b - a +0 animal skin (worn)
Comestibles
 c - 3 bread rations
 j - an apple
 t - 3 chunks of orc flesh
Scrolls
 d - a scroll of curse armour {unknown}
 e - 4 scrolls of identify {unknown}
 f - 4 scrolls of teleportation {unknown}
 g - a scroll of fear {unknown}
 l - 2 scrolls of remove curse {unknown}
 q - a scroll of random uselessness {unknown}
Jewellery
 p - a +3 ring of evasion {unknown}
Potions
 h - 3 potions of curing {unknown}
 i - a potion of paralysis {unknown}
 k - a potion of flight {unknown}
 m - a potion of poison {unknown}
 n - 2 potions of invisibility {unknown}
 o - a potion of heal wounds {unknown}
 r - a potion of might {unknown}


   Skills:
 - Level 3.6 Fighting
 + Level 7.0 Maces & Flails
 - Level 2.4 Armour
 - Level 2.1 Dodging


You had 4 spell levels left.
You didn't know any spells.

Dungeon Overview and Level Annotations

Branches:
Dungeon (3/27)

Altars:


Innate Abilities, Weirdness & Mutations

You reflexively headbutt those who attack you in melee.
You have a pair of horns on your head.


Message History

The orc closely misses you. You furiously retaliate!
You headbutt the orc, but do no damage. You hit the orc but do no damage.
The orc is lightly wounded.
The orc completely misses you.
You hit the orc but do no damage.
The orc is lightly wounded.
The orc hits you but does no damage.
You completely miss the orc. You headbutt the orc.
The orc is heavily wounded.
The orc hits you with an orcish whip.
* * * LOW HITPOINT WARNING * * *
You hit the orc but do no damage.
The orc is heavily wounded.
The orc hits you with an orcish whip!
* * * LOW HITPOINT WARNING * * *
You hit the orc. You headbutt the orc, but do no damage.
The orc is heavily wounded.
The orc hits you with an orcish whip.
You die...

######### ####
#.......# ...#
#.......##...#
#.....@.#....###.
#.....o..........#
#.......#....#####
#.......#.........
#...#.###....#...#
#####.###.........
#.>...(....... .
#..##........ #.
#..######.... ...


You could see an orc.

Vanquished Creatures
  2 orc wizards (D:3)
  2 adders
  2 worms
  3 giant geckos
  5 orcs (D:3)
  2 goblins
  5 hobgoblins
  3 jackals (D:1)
  9 bats
  14 giant newts
  6 kobolds
  7 rats
60 creatures vanquished.

Notes
Turn   | Place    | Note
--------------------------------------------------------------
     0 | D:1      | Kae, the Minotaur Berserker, began the quest for the Orb.
     0 | D:1      | Reached XP level 1. HP: 19/19 MP: 0/0
    19 | D:1      | Reached skill level 4 in Maces & Flails
    39 | D:1      | Reached XP level 2. HP: 23/26 MP: 0/0
   381 | D:1      | Acquired Trog's second power
   724 | D:2      | Reached skill level 5 in Maces & Flails
   724 | D:2      | Reached XP level 3. HP: 31/33 MP: 1/1
  1536 | D:3      | Reached XP level 4. HP: 27/39 MP: 1/1
  1617 | D:3      | Reached skill level 6 in Maces & Flails
  1981 | D:3      | Reached skill level 7 in Maces & Flails
  1981 | D:3      | Reached XP level 5. HP: 14/46 MP: 1/1
  1988 | D:3      | Slain by an orc

Action                   |  1- 3 |  4- 6 || total
-------------------------+-------+-------++-------
Melee: Mace              |    94 |    38 ||   132
Invok: Trog's Hand       |       |     1 ||     1
